Heat vs Sound Tigers
Created - January 11, 2024 at 19:50
Goals
|
| Heat |
0 |
0 |
2 |
1 |
3 |
| Sound Tigers |
0 |
1 |
1 |
0 |
2 |
|
Shots
|
| Heat |
9 |
7 |
13 |
1 |
30 |
| Sound Tigers |
15 |
10 |
8 |
0 |
33 |
|
1st period
No Goal
Penalties :
No Penalty
2nd period
1. Sound Tigers , Tyrell Goulbourne 10 (Brett Connolly 14, Garret Pilon 2) at 15:27
Penalties :
Jesper Bratt (Sto) for Roughing (Minor) at 0:46, Ryan Spooner (Sto) for Tripping (Minor) at 11:03, Frank Corrado (Sto) for Hooking (Minor) at 15:30
3rd period
2. Heat , Evgeny Svechnikov 20 (Nico Sturm 23, Rasmus Andersson 34) at 0:16
3. Sound Tigers , Connor Dewar 1 (Ross Colton 4, Filip Zadina 7) at 12:16
4. Heat , Eric Karlsson 9 (Rasmus Andersson 35, Petteri Lindbohm 7) at 17:29
Penalties :
Vitek Vanecek (Sto) for Slashing (Minor) at 0:30 - Rasmus Andersson served the penalty, Erik Brannstrom (Sto) for Holding Stick (Minor) at 4:16, Frank Corrado (Sto) for Hooking (Minor) at 6:41, Erik Brannstrom (Sto) for Hooking (Minor) at 17:35
Overtime #1
5. Heat , Evgeny Svechnikov 21 (Rasmus Andersson 36, Jesper Bratt 22) at 0:33
Penalties :
No Penalty
Goalie Stats
Vitek Vanecek (Sto), 31 saves from 33 shots - (0.939), W, 3-2-2, 60:33 minutes
Charlie Lindgren (BRI), 27 saves from 30 shots - (0.900), OTL, 20-10-1, 60:33 minutes
Players Stats for Heat
Player Name G A P +/- PIM S H SB GA TA FO MP PP MP PK MP
------------------------------------------------------------------------------------
Barclay Goodrow 0 0 0 -1 0 1 4 0 0 0 1/1 18:28 0:00 7:19
Brandon Hickey 0 0 0 0 0 0 1 0 0 1 0/0 18:28 0:00 5:54
Christian Jaros 0 0 0 0 0 1 4 1 0 0 0/0 16:46 0:00 5:58
Eric Karlsson 1 0 1 1 0 4 2 0 0 0 0/0 13:02 0:00 2:44
Erik Brannstrom 0 0 0 0 4 2 3 1 1 0 0/0 15:53 0:00 0:00
Evgeny Svechnikov 2 0 2 2 0 3 1 0 1 0 1/2 14:37 0:00 0:00
Frank Corrado 0 0 0 0 4 1 2 0 0 0 0/0 16:03 0:00 0:29
Jesper Bratt 0 1 1 0 2 2 5 0 1 0 0/0 14:55 0:00 3:32
Nico Sturm 0 1 1 1 0 3 3 0 1 0 10/16 19:02 0:00 4:06
Peter Cehlarik 0 0 0 1 0 3 0 1 1 1 8/13 22:17 0:00 7:29
Petteri Lindbohm 0 1 1 0 0 0 1 1 0 0 0/0 28:20 0:00 8:24
Rasmus Andersson 0 3 3 1 0 3 0 2 0 3 0/0 25:45 0:00 7:01
Ryan Donato 0 0 0 1 0 0 0 0 0 0 5/8 12:42 0:00 2:18
Ryan Spooner 0 0 0 -1 2 2 3 0 0 0 2/5 10:36 0:00 0:00
Tage Thompson 0 0 0 -1 0 2 2 1 0 0 0/0 10:04 0:00 0:00
Taylor Raddysh 0 0 0 1 0 1 0 0 0 0 0/0 10:15 0:00 0:00
Vitali Kravtsov 0 0 0 -1 0 1 0 0 0 0 0/0 10:23 0:00 0:18
Vladislav Kamenev 0 0 0 -1 0 1 0 1 0 0 1/2 10:04 0:00 0:00
Players Stats for Sound Tigers
Player Name G A P +/- PIM S H SB GA TA FO MP PP MP PK MP
------------------------------------------------------------------------------------
Alex Belzile 0 0 0 -2 0 4 2 0 1 0 0/0 17:26 6:19 0:00
Alexander Yelesin 0 0 0 1 0 1 4 1 0 0 0/0 22:23 5:58 0:00
Austin Watson 0 0 0 -2 0 1 3 1 0 0 0/0 21:06 7:34 0:00
Ben Thomson 0 0 0 -1 0 2 2 0 0 0 0/1 17:39 6:19 0:00
Brett Connolly 0 1 1 1 0 3 1 1 0 0 0/1 12:34 0:02 0:00
Connor Dewar 1 0 1 1 0 1 1 0 0 0 0/0 9:17 0:00 0:00
Filip Zadina 0 1 1 1 0 1 0 0 1 1 0/0 9:17 0:00 0:00
Garret Pilon 0 1 1 1 0 0 0 0 1 0 1/2 12:12 0:00 0:00
Jakub Galvas 0 0 0 0 0 0 0 0 0 0 0/0 11:51 0:00 0:00
Jordan Greenway 0 0 0 -1 0 3 0 0 2 0 1/4 21:19 7:34 0:00
Nick Blankenburg 0 0 0 1 0 2 1 3 0 0 0/0 22:04 5:58 0:00
Oliver Kylington 0 0 0 -2 0 2 3 0 0 0 0/0 26:38 7:55 0:00
Pavel Kraskovsky 0 0 0 -1 0 2 2 1 0 1 14/29 20:56 7:34 0:00
Rhett Gardner 0 0 0 -1 0 3 2 0 0 0 3/8 17:13 6:17 0:00
Ross Colton 0 1 1 1 0 1 1 1 0 1 0/1 9:36 0:00 0:00
Simon Benoit 0 0 0 0 0 2 0 0 0 0 0/0 11:51 0:00 0:00
Slater Koekkoek 0 0 0 -1 0 2 2 1 0 2 0/0 26:05 7:55 0:00
Tyrell Goulbourne 1 0 1 1 0 3 1 0 0 0 0/1 12:12 0:00 0:00
3 Stars
1 - Evgeny Svechnikov (Sto)
2 - Rasmus Andersson (Sto)
3 - Eric Karlsson (Sto)
Power Play
Heat - 0 on 0 Attempt(s) - 0.00%
Sound Tigers - 0 on 7 Attempt(s) - 0.00%
Penalty Kill
Heat - 7 on 7 Attempt(s) - 100.00%
- Score 0 goal in Penalty Kill
Sound Tigers - 0 on 0 Attempt(s) - 0.00%
- Score 0 goal in Penalty Kill
Team Stat
Heat - Hits : 31 - Faceoff Wins : 28 - Blocked Shots : 8 - Penalty Minutes : 14
Sound Tigers - Hits : 25 - Faceoff Wins : 19 - Blocked Shots : 9 - Penalty Minutes : 0
Official
Referees : Corey Syvret and Chris Lee
Linesman : Steve Miller and Pierre Racicot
Game Notes
No Game Note
Finance
Level 1 -- Attendance: 1794 (89.70%) -- Ticket Income $125,580
Level 2 -- Attendance: 949 (94.90%) -- Ticket Income $37,960
Total Attendance: 2743 (91.43%)
Total Ticket Income: $163,540
Other Income: $8,177
Total Income: $171,717
Heat
5 vs 5 Forward
Center Left Wing Right Wing Time % Phy DF OF
1 Nico Sturm Peter Cehlarik Evgeny Svechnikov 40 1 2 2
2 Ryan Spooner Jesper Bratt Barclay Goodrow 30 1 2 2
3 Ryan Donato Eric Karlsson Taylor Raddysh 20 1 2 2
4 Vladislav Kamenev Vitali Kravtsov Tage Thompson 10 1 2 2
5 vs 5 Defense
Defense Defense Time % Phy DF OF
1 Petteri Lindbohm Rasmus Andersson 40 1 2 2
2 Erik Brannstrom Frank Corrado 30 1 2 2
3 Christian Jaros Brandon Hickey 20 1 2 2
4 Petteri Lindbohm Brandon Hickey 10 1 2 2
PowerPlay Forward
Center Left Wing Right Wing Time % Phy DF OF
1 Nico Sturm Jesper Bratt Evgeny Svechnikov 60 1 2 2
2 Ryan Spooner Ryan Donato Barclay Goodrow 40 1 2 2
PowerPlay Defense
Defense Defense Time % Phy DF OF
1 Erik Brannstrom Rasmus Andersson 60 1 2 2
2 Petteri Lindbohm Frank Corrado 40 1 2 2
Penalty Kill 4 Players Forward
Center Wing Time % Phy DF OF
1 Peter Cehlarik Barclay Goodrow 60 1 2 2
2 Nico Sturm Jesper Bratt 40 1 2 2
Penalty Kill 4 Players Defense
Defense Defense Time % Phy DF OF
1 Petteri Lindbohm Rasmus Andersson 60 1 2 2
2 Christian Jaros Brandon Hickey 40 1 2 2
Penalty Kill - 3 Players Forward
Forward Time % Phy DF OF
1 Ryan Spooner 60 1 2 2
2 Barclay Goodrow 40 1 2 2
Penalty Kill - 3 Players Defense
Defense Defense Time % Phy DF OF
1 Petteri Lindbohm Rasmus Andersson 60 1 2 2
2 Christian Jaros Brandon Hickey 40 1 2 2
4 vs 4 Forward
Center Wing Time % Phy DF OF
1 Nico Sturm Jesper Bratt 60 1 2 2
2 Ryan Spooner Evgeny Svechnikov 40 1 2 2
4 vs 4 Defense
Defense Defense Time % Phy DF OF
1 Petteri Lindbohm Rasmus Andersson 60 1 2 2
2 Erik Brannstrom Frank Corrado 40 1 2 2
Last Minutes Offensive
Center Left Wing Right Wing Defense Defense
Nico Sturm Jesper Bratt Evgeny Svechnikov Erik Brannstrom Rasmus Andersson
Last Minutes Defensive
Center Left Wing Right Wing Defense Defense
Nico Sturm Peter Cehlarik Barclay Goodrow Petteri Lindbohm Rasmus Andersson
Goaltenders
Starting : Vitek Vanecek
Backup : Joel Hofer
Extra Forwards
Normal : Jesper Bratt, Peter Cehlarik, Barclay Goodrow - PP : Peter Cehlarik, Eric Karlsson - PK : Peter Cehlarik
Extra Defensemen
Normal : Petteri Lindbohm, Brandon Hickey, Christian Jaros - PP : Frank Corrado - PK : Brandon Hickey, Christian Jaros
Penalty Shots
Jesper Bratt, Evgeny Svechnikov, Peter Cehlarik, Vitali Kravtsov, Ryan Spooner
Custom OT Lines Forwards
Peter Cehlarik, Evgeny Svechnikov, Nico Sturm, Jesper Bratt, Ryan Spooner, Eric Karlsson, Ryan Donato, Taylor Raddysh, Barclay Goodrow, Vitali Kravtsov
Custom OT Lines Defensemen
Rasmus Andersson, Erik Brannstrom, Petteri Lindbohm, Frank Corrado, Brandon Hickey
Scratches
Filip Hallander (Healthy), Dominik Masin (Healthy), Skyler Brind'Amour (Healthy), John Gilmour (Healthy), Darren Raddysh (Healthy)
Tim Berni (Healthy), Ivan Chekhovich (Healthy), Trevor Carrick (Healthy), Radim Zohorna (Healthy), Demetrios Koumontzis (Healthy)
Michael Hutchinson (Healthy), Collin Delia (Healthy)
Sound Tigers
5 vs 5 Forward
Center Left Wing Right Wing Time % Phy DF OF
1 Pavel Kraskovsky Jordan Greenway Austin Watson 40 1 2 2
2 Rhett Gardner Ben Thomson Alex Belzile 30 1 2 2
3 Garret Pilon Tyrell Goulbourne Brett Connolly 20 1 2 2
4 Connor Dewar Filip Zadina Ross Colton 10 1 2 2
5 vs 5 Defense
Defense Defense Time % Phy DF OF
1 Oliver Kylington Slater Koekkoek 40 1 2 2
2 Nick Blankenburg Alexander Yelesin 30 1 2 2
3 Jakub Galvas Simon Benoit 20 1 2 2
4 Oliver Kylington Slater Koekkoek 10 1 2 2
PowerPlay Forward
Center Left Wing Right Wing Time % Phy DF OF
1 Pavel Kraskovsky Jordan Greenway Austin Watson 60 1 2 2
2 Rhett Gardner Ben Thomson Alex Belzile 40 1 2 2
PowerPlay Defense
Defense Defense Time % Phy DF OF
1 Oliver Kylington Slater Koekkoek 60 1 2 2
2 Nick Blankenburg Alexander Yelesin 40 1 2 2
Penalty Kill 4 Players Forward
Center Wing Time % Phy DF OF
1 Pavel Kraskovsky Jordan Greenway 60 1 2 2
2 Rhett Gardner Ben Thomson 40 1 2 2
Penalty Kill 4 Players Defense
Defense Defense Time % Phy DF OF
1 Oliver Kylington Slater Koekkoek 60 1 2 2
2 Nick Blankenburg Alexander Yelesin 40 1 2 2
Penalty Kill - 3 Players Forward
Forward Time % Phy DF OF
1 Pavel Kraskovsky 60 1 2 2
2 Rhett Gardner 40 1 2 2
Penalty Kill - 3 Players Defense
Defense Defense Time % Phy DF OF
1 Oliver Kylington Slater Koekkoek 60 1 2 2
2 Nick Blankenburg Alexander Yelesin 40 1 2 2
4 vs 4 Forward
Center Wing Time % Phy DF OF
1 Pavel Kraskovsky Jordan Greenway 60 1 2 2
2 Rhett Gardner Ben Thomson 40 1 2 2
4 vs 4 Defense
Defense Defense Time % Phy DF OF
1 Oliver Kylington Slater Koekkoek 60 1 2 2
2 Nick Blankenburg Alexander Yelesin 40 1 2 2
Last Minutes Offensive
Center Left Wing Right Wing Defense Defense
Pavel Kraskovsky Jordan Greenway Austin Watson Oliver Kylington Slater Koekkoek
Last Minutes Defensive
Center Left Wing Right Wing Defense Defense
Pavel Kraskovsky Jordan Greenway Austin Watson Oliver Kylington Slater Koekkoek
Goaltenders
Starting : Charlie Lindgren
Backup : Sean Maguire
Extra Forwards
Normal : Pavel Kraskovsky, Brett Connolly, Ross Colton - PP : Pavel Kraskovsky, Brett Connolly - PK : Pavel Kraskovsky
Extra Defensemen
Normal : Alexander Yelesin, Jakub Galvas, Simon Benoit - PP : Alexander Yelesin - PK : Alexander Yelesin, Jakub Galvas
Penalty Shots
Jordan Greenway, Ben Thomson, Austin Watson, Alex Belzile, Pavel Kraskovsky
Custom OT Lines Forwards
Jordan Greenway, Ben Thomson, Austin Watson, Alex Belzile, Pavel Kraskovsky, Brett Connolly, Ross Colton, Rhett Gardner, Tyrell Goulbourne, Garret Pilon
Custom OT Lines Defensemen
Oliver Kylington, Slater Koekkoek, Nick Blankenburg, Alexander Yelesin, Jakub Galvas
Scratches
Alex Steeves (Healthy), Joe Labate (Sprained Left Knee Injury), Noah Cates (Healthy), Casey Staum (Healthy), Cole Koepke (Healthy)
Chris Driedger (Healthy)
% Time on Ice - Heat
Lines # - Real PCT - Wanted PCT - Time Play
Normal Forward
1 - 33% - 40% - 15:03
2 - 23% - 30% - 10:45
3 - 22% - 20% - 10:15
4 - 22% - 10% - 10:04
Normal Defense
1 - 41% - 40% - 18:56
2 - 34% - 30% - 15:31
3 - 21% - 20% - 9:54
4 - 4% - 10% - 1:46
PP Forward
1 - 0% - 60%
2 - 0% - 40%
PP Defense
1 - 0% - 60%
2 - 0% - 40%
PK Forward
1 - 70% - 60% - 9:47
2 - 30% - 40% - 4:06
PK Defense
1 - 65% - 60% - 9:00
2 - 35% - 40% - 4:53
PK3 Forward
1 - 0% - 60%
2 - 0% - 40%
PK3 Defense
1 - 0% - 60%
2 - 0% - 40%
44 Forward
1 - 0% - 60%
2 - 0% - 40%
44 Defense
1 - 0% - 60%
2 - 0% - 40%
Last Minute Offensive - 0:00
Last Minute Defensive - 0:00
Total
Forward - 60:00
Defense - 60:00
|
% Time on Ice - Sound Tigers
Lines # - Real PCT - Wanted PCT - Time Play
Normal Forward
1 - 30% - 40% - 13:41
2 - 24% - 30% - 10:57
3 - 26% - 20% - 12:12
4 - 20% - 10% - 9:17
Normal Defense
1 - 37% - 40% - 16:55
2 - 35% - 30% - 16:06
3 - 26% - 20% - 11:51
4 - 3% - 10% - 1:15
PP Forward
1 - 55% - 60% - 7:34
2 - 45% - 40% - 6:19
PP Defense
1 - 57% - 60% - 7:55
2 - 43% - 40% - 5:58
PK Forward
1 - 0% - 60%
2 - 0% - 40%
PK Defense
1 - 0% - 60%
2 - 0% - 40%
PK3 Forward
1 - 0% - 60%
2 - 0% - 40%
PK3 Defense
1 - 0% - 60%
2 - 0% - 40%
44 Forward
1 - 0% - 60%
2 - 0% - 40%
44 Defense
1 - 0% - 60%
2 - 0% - 40%
Last Minute Offensive - 0:00
Last Minute Defensive - 0:00
Total
Forward - 60:00
Defense - 60:00
|
Play-by-Play
1st period
0:01 of 1st period - Evgeny Svechnikov wins face-off versus Pavel Kraskovsky in neutral zone.
0:12 of 1st period - Wrist shot by Rasmus Andersson.
0:12 of 1st period - Shot Misses the Net.
0:28 of 1st period - Slapshot by Petteri Lindbohm.
0:28 of 1st period - Shot Hit the Post.
0:36 of 1st period - Wrist shot by Barclay Goodrow.
0:36 of 1st period - Shot Misses the Net.
0:38 of 1st period - Snap shot by Barclay Goodrow.
0:38 of 1st period - Stopped by Charlie Lindgren with a rebound.
1:09 of 1st period - Slapshot by Filip Zadina.
1:09 of 1st period - Stopped by Vitek Vanecek with a rebound.
1:47 of 1st period - Rhett Gardner is hit by Christian Jaros.
2:20 of 1st period - Simon Benoit is hit by Eric Karlsson and loses puck.
2:42 of 1st period - Snap shot by Pavel Kraskovsky.
2:42 of 1st period - Stopped by Vitek Vanecek with a rebound.
3:57 of 1st period - Tyrell Goulbourne is hit by Barclay Goodrow and loses puck.
4:31 of 1st period - Snap shot by Evgeny Svechnikov.
4:31 of 1st period - Shot Misses the Net.
4:33 of 1st period - Snap shot by Nico Sturm.
4:33 of 1st period - Stopped by Charlie Lindgren without a rebound.
4:34 of 1st period - Pavel Kraskovsky wins face-off versus Nico Sturm in Sound Tigers zone.
4:51 of 1st period - Wrist shot by Jordan Greenway.
4:51 of 1st period - Stopped by Vitek Vanecek without a rebound.
4:52 of 1st period - Barclay Goodrow wins face-off versus Rhett Gardner in Heat zone.
5:17 of 1st period - Rasmus Andersson is hit by Austin Watson and loses puck.
6:05 of 1st period - Snap shot by Ross Colton.
6:05 of 1st period - Stopped by Vitek Vanecek without a rebound.
6:06 of 1st period - Ryan Spooner wins face-off versus Pavel Kraskovsky in Heat zone.
6:22 of 1st period - Christian Jaros is hit by Oliver Kylington and loses puck.
7:37 of 1st period - Barclay Goodrow is hit by Austin Watson and loses puck.
7:58 of 1st period - Nick Blankenburg is hit by Frank Corrado and loses puck.
8:24 of 1st period - Rhett Gardner is hit by Brandon Hickey and loses puck.
9:06 of 1st period - Jordan Greenway is hit by Barclay Goodrow and loses puck.
9:26 of 1st period - Peter Cehlarik is hit by Slater Koekkoek and loses puck.
9:43 of 1st period - Wrist shot by Brett Connolly.
9:43 of 1st period - Stopped by Vitek Vanecek with a rebound.
9:45 of 1st period - Slapshot by Alexander Yelesin.
9:45 of 1st period - Stopped by Vitek Vanecek with a rebound.
9:47 of 1st period - Snap shot by Tyrell Goulbourne.
9:47 of 1st period - Stopped by Vitek Vanecek with a rebound.
10:01 of 1st period - Wrist shot by Vladislav Kamenev.
10:01 of 1st period - Stopped by Charlie Lindgren without a rebound.
10:02 of 1st period - Rhett Gardner wins face-off versus Vladislav Kamenev in Sound Tigers zone.
10:49 of 1st period - Slapshot by Alex Belzile.
10:49 of 1st period - Stopped by Vitek Vanecek with a rebound.
11:01 of 1st period - Snap shot by Frank Corrado.
11:01 of 1st period - Stopped by Charlie Lindgren without a rebound.
11:02 of 1st period - Nico Sturm wins face-off versus Pavel Kraskovsky in Sound Tigers zone.
11:17 of 1st period - Snap shot by Pavel Kraskovsky.
11:17 of 1st period - Shot Misses the Net.
11:27 of 1st period - Garret Pilon is hit by Ryan Spooner and loses puck.
11:40 of 1st period - Oliver Kylington is hit by Jesper Bratt and loses puck.
12:02 of 1st period - Wrist shot by Eric Karlsson.
12:02 of 1st period - Stopped by Charlie Lindgren with a rebound.
12:04 of 1st period - Slapshot by Petteri Lindbohm.
12:04 of 1st period - Shot Misses the Net.
12:57 of 1st period - Brandon Hickey is hit by Slater Koekkoek and loses puck.
13:38 of 1st period - Wrist shot by Brett Connolly.
13:38 of 1st period - Stopped by Vitek Vanecek with a rebound.
14:37 of 1st period - Backhand shot by Pavel Kraskovsky.
14:37 of 1st period - Deflect By Rhett Gardner.
14:37 of 1st period - Stopped by Vitek Vanecek with a rebound.
15:03 of 1st period - Snap shot by Eric Karlsson.
15:03 of 1st period - Stopped by Charlie Lindgren without a rebound.
15:04 of 1st period - Pavel Kraskovsky wins face-off versus Ryan Donato in Sound Tigers zone.
15:17 of 1st period - Wrist shot by Eric Karlsson.
15:17 of 1st period - Deflect By Taylor Raddysh.
15:17 of 1st period - Stopped by Charlie Lindgren without a rebound.
15:18 of 1st period - Pavel Kraskovsky wins face-off versus Nico Sturm in Sound Tigers zone.
15:18 of 1st period - Pavel Kraskovsky is hit by Nico Sturm.
16:18 of 1st period - Slapshot by Jesper Bratt.
16:18 of 1st period - Shot Blocked by Ross Colton.
16:28 of 1st period - Slater Koekkoek is hit by Frank Corrado and loses puck.
16:35 of 1st period - Snap shot by Filip Zadina.
16:35 of 1st period - Shot Blocked by Tage Thompson.
16:37 of 1st period - Snap shot by Filip Zadina.
16:37 of 1st period - Shot Blocked by Vladislav Kamenev.
16:39 of 1st period - Slapshot by Oliver Kylington.
16:39 of 1st period - Shot Blocked by Erik Brannstrom.
16:55 of 1st period - Wrist shot by Erik Brannstrom.
16:55 of 1st period - Stopped by Charlie Lindgren with a rebound.
17:08 of 1st period - Slapshot by Filip Zadina.
17:08 of 1st period - Shot Misses the Net.
17:10 of 1st period - Snap shot by Oliver Kylington.
17:10 of 1st period - Stopped by Vitek Vanecek with a rebound.
17:24 of 1st period - Snap shot by Filip Zadina.
17:24 of 1st period - Shot Misses the Net.
17:26 of 1st period - Snap shot by Slater Koekkoek.
17:26 of 1st period - Stopped by Vitek Vanecek without a rebound.
17:27 of 1st period - Pavel Kraskovsky wins face-off versus Nico Sturm in Heat zone.
17:32 of 1st period - Wrist shot by Jordan Greenway.
17:32 of 1st period - Shot Blocked by Rasmus Andersson.
18:22 of 1st period - Wrist shot by Rhett Gardner.
18:22 of 1st period - Shot Blocked by Christian Jaros.
18:24 of 1st period - Wrist shot by Alex Belzile.
18:24 of 1st period - Stopped by Vitek Vanecek with a rebound.
18:26 of 1st period - Slapshot by Simon Benoit.
18:26 of 1st period - Stopped by Vitek Vanecek with a rebound.
18:40 of 1st period - Snap shot by Nico Sturm.
18:40 of 1st period - Shot Misses the Net.
18:42 of 1st period - Snap shot by Evgeny Svechnikov.
18:42 of 1st period - Stopped by Charlie Lindgren without a rebound.
18:43 of 1st period - Ryan Spooner wins face-off versus Pavel Kraskovsky in Sound Tigers zone.
19:22 of 1st period - Snap shot by Rhett Gardner.
19:22 of 1st period - Shot Misses the Net.
19:24 of 1st period - Wrist shot by Ben Thomson.
19:24 of 1st period - Shot Misses the Net.
19:26 of 1st period - Wrist shot by Ben Thomson.
19:26 of 1st period - Shot Misses the Net.
19:28 of 1st period - Slapshot by Jakub Galvas.
19:28 of 1st period - Deflect By Rhett Gardner.
19:28 of 1st period - Stopped by Vitek Vanecek without a rebound.
19:29 of 1st period - Garret Pilon wins face-off versus Ryan Donato in Heat zone.
19:39 of 1st period - Erik Brannstrom is hit by Alexander Yelesin and loses puck.
19:42 of 1st period - Snap shot by Ryan Donato.
19:42 of 1st period - Shot Blocked by Nick Blankenburg.
19:44 of 1st period - Snap shot by Erik Brannstrom.
19:44 of 1st period - Shot Misses the Net.
Goals for this period are 0 for Heat vs 0 for Sound Tigers.
Shots for this period are 9 for Heat vs 15 for Sound Tigers.
2nd period
0:01 of 2nd period - Nico Sturm wins face-off versus Pavel Kraskovsky in neutral zone.
0:37 of 2nd period - Rhett Gardner is hit by Jesper Bratt and loses puck.
0:46 of 2nd period - Minor Penalty to Jesper Bratt for Roughing.
0:47 of 2nd period - Peter Cehlarik wins face-off versus Pavel Kraskovsky in Heat zone.
1:24 of 2nd period - Slapshot by Ben Thomson.
1:24 of 2nd period - Stopped by Vitek Vanecek with a rebound.
2:46 of 2nd period - Penalty to Jesper Bratt is over, Jesper Bratt is back on ice.
3:35 of 2nd period - Snap shot by Rasmus Andersson.
3:35 of 2nd period - Shot Blocked by Alexander Yelesin.
4:47 of 2nd period - Simon Benoit is hit by Erik Brannstrom and loses puck.
5:34 of 2nd period - Filip Zadina is hit by Jesper Bratt and loses puck.
6:14 of 2nd period - Oliver Kylington is hit by Tage Thompson and loses puck.
6:33 of 2nd period - Barclay Goodrow is hit by Pavel Kraskovsky and loses puck.
6:52 of 2nd period - Wrist shot by Taylor Raddysh.
6:52 of 2nd period - Shot Hit the Post.
7:08 of 2nd period - Evgeny Svechnikov is hit by Nick Blankenburg.
7:23 of 2nd period - Snap shot by Erik Brannstrom.
7:23 of 2nd period - Deflect By Ryan Spooner.
7:23 of 2nd period - Stopped by Charlie Lindgren without a rebound.
7:24 of 2nd period - Pavel Kraskovsky wins face-off versus Ryan Spooner in Sound Tigers zone.
7:47 of 2nd period - Frank Corrado is hit by Ben Thomson and loses puck.
8:50 of 2nd period - Snap shot by Tage Thompson.
8:50 of 2nd period - Stopped by Charlie Lindgren without a rebound.
8:51 of 2nd period - Vladislav Kamenev wins face-off versus Rhett Gardner in Sound Tigers zone.
8:52 of 2nd period - Snap shot by Erik Brannstrom.
8:52 of 2nd period - Stopped by Charlie Lindgren with a rebound.
9:02 of 2nd period - Wrist shot by Ben Thomson.
9:02 of 2nd period - Stopped by Vitek Vanecek without a rebound.
9:03 of 2nd period - Nico Sturm wins face-off versus Pavel Kraskovsky in Heat zone.
9:10 of 2nd period - Wrist shot by Peter Cehlarik.
9:10 of 2nd period - Stopped by Charlie Lindgren without a rebound.
9:11 of 2nd period - Nico Sturm wins face-off versus Pavel Kraskovsky in Sound Tigers zone.
9:20 of 2nd period - Slapshot by Evgeny Svechnikov.
9:20 of 2nd period - Shot Blocked by Slater Koekkoek.
9:22 of 2nd period - Snap shot by Evgeny Svechnikov.
9:22 of 2nd period - Deflect By Jordan Greenway.
9:22 of 2nd period - Shot Blocked by Pavel Kraskovsky.
9:22 of 2nd period - Puck is out of play.
9:23 of 2nd period - Pavel Kraskovsky wins face-off versus Nico Sturm in Sound Tigers zone.
9:28 of 2nd period - Snap shot by Peter Cehlarik.
9:28 of 2nd period - Shot Blocked by Austin Watson.
10:03 of 2nd period - Alexander Yelesin is hit by Barclay Goodrow and loses puck.
10:16 of 2nd period - Ryan Donato is hit by Tyrell Goulbourne.
10:58 of 2nd period - Wrist shot by Jordan Greenway.
10:58 of 2nd period - Stopped by Vitek Vanecek without a rebound.
10:59 of 2nd period - Pavel Kraskovsky wins face-off versus Ryan Spooner in Heat zone.
11:03 of 2nd period - Minor Penalty to Ryan Spooner for Tripping.
11:04 of 2nd period - Peter Cehlarik wins face-off versus Jordan Greenway in Heat zone.
11:50 of 2nd period - Austin Watson is hit by Jesper Bratt.
12:04 of 2nd period - Ryan Donato is hit by Rhett Gardner and loses puck.
12:45 of 2nd period - Slater Koekkoek is hit by Christian Jaros and loses puck.
13:03 of 2nd period - Penalty to Ryan Spooner is over, Ryan Spooner is back on ice.
13:16 of 2nd period - Erik Brannstrom is hit by Oliver Kylington and loses puck.
14:02 of 2nd period - Off-side.
14:03 of 2nd period - Ryan Donato wins face-off versus Tyrell Goulbourne in neutral zone.
14:06 of 2nd period - Slapshot by Brandon Hickey.
14:06 of 2nd period - Shot Misses the Net.
14:34 of 2nd period - Slapshot by Nico Sturm.
14:34 of 2nd period - Shot Misses the Net.
14:52 of 2nd period - Alexander Yelesin is hit by Barclay Goodrow and loses puck.
15:11 of 2nd period - Snap shot by Garret Pilon.
15:11 of 2nd period - Shot Blocked by Rasmus Andersson.
15:25 of 2nd period - Snap shot by Brett Connolly.
15:25 of 2nd period - Stopped by Vitek Vanecek with a rebound.
15:27 of 2nd period - Wrist shot by Tyrell Goulbourne.
15:27 of 2nd period - Goal by Tyrell Goulbourne - Heat : 0 - Sound Tigers : 1.
15:28 of 2nd period - Nico Sturm wins face-off versus Jordan Greenway in neutral zone.
15:30 of 2nd period - Minor Penalty to Frank Corrado for Hooking.
15:31 of 2nd period - Pavel Kraskovsky wins face-off versus Peter Cehlarik in Heat zone.
15:33 of 2nd period - Snap shot by Austin Watson.
15:33 of 2nd period - Stopped by Vitek Vanecek with a rebound.
15:35 of 2nd period - Wrist shot by Pavel Kraskovsky.
15:35 of 2nd period - Shot Misses the Net.
15:42 of 2nd period - Snap shot by Pavel Kraskovsky.
15:42 of 2nd period - Stopped by Vitek Vanecek without a rebound.
15:43 of 2nd period - Pavel Kraskovsky wins face-off versus Peter Cehlarik in Heat zone.
16:15 of 2nd period - Snap shot by Alex Belzile.
16:15 of 2nd period - Stopped by Vitek Vanecek without a rebound.
16:16 of 2nd period - Pavel Kraskovsky wins face-off versus Peter Cehlarik in Heat zone.
16:19 of 2nd period - Backhand shot by Pavel Kraskovsky.
16:19 of 2nd period - Shot Misses the Net.
16:21 of 2nd period - Backhand shot by Nick Blankenburg.
16:21 of 2nd period - Stopped by Vitek Vanecek without a rebound.
16:22 of 2nd period - Peter Cehlarik wins face-off versus Pavel Kraskovsky in Heat zone.
16:31 of 2nd period - Wrist shot by Jordan Greenway.
16:31 of 2nd period - Shot Misses the Net.
16:33 of 2nd period - Slapshot by Oliver Kylington.
16:33 of 2nd period - Deflect By Peter Cehlarik.
16:33 of 2nd period - Stopped by Vitek Vanecek with a rebound.
16:51 of 2nd period - Wrist shot by Jesper Bratt.
16:51 of 2nd period - Shot Misses the Net.
16:53 of 2nd period - Snap shot by Jesper Bratt.
16:53 of 2nd period - Shot Misses the Net.
16:55 of 2nd period - Wrist shot by Nico Sturm.
16:55 of 2nd period - Stopped by Charlie Lindgren with a rebound.
17:30 of 2nd period - Penalty to Frank Corrado is over, Frank Corrado is back on ice.
18:53 of 2nd period - Barclay Goodrow is hit by Alexander Yelesin and loses puck.
19:19 of 2nd period - Wrist shot by Peter Cehlarik.
19:19 of 2nd period - Stopped by Charlie Lindgren with a rebound.
19:21 of 2nd period - Snap shot by Peter Cehlarik.
19:21 of 2nd period - Deflect By Nico Sturm.
19:21 of 2nd period - Stopped by Charlie Lindgren with a rebound.
19:38 of 2nd period - Snap shot by Ryan Donato.
19:38 of 2nd period - Shot Misses the Net.
Goals for this period are 0 for Heat vs 1 for Sound Tigers.
Shots for this period are 7 for Heat vs 10 for Sound Tigers.
3rd period
0:01 of 3rd period - Pavel Kraskovsky wins face-off versus Evgeny Svechnikov in neutral zone.
0:16 of 3rd period - Snap shot by Evgeny Svechnikov.
0:16 of 3rd period - Goal by Evgeny Svechnikov - Heat : 1 - Sound Tigers : 1.
0:17 of 3rd period - Nico Sturm wins face-off versus Jordan Greenway in neutral zone.
0:28 of 3rd period - Snap shot by Jordan Greenway.
0:28 of 3rd period - Shot Blocked by Peter Cehlarik.
0:30 of 3rd period - Slapshot by Slater Koekkoek.
0:30 of 3rd period - Stopped by Vitek Vanecek without a rebound.
0:30 of 3rd period - Minor Penalty to Vitek Vanecek for Slashing.
0:31 of 3rd period - Pavel Kraskovsky wins face-off versus Peter Cehlarik in Heat zone.
1:01 of 3rd period - Slapshot by Christian Jaros.
1:01 of 3rd period - Stopped by Charlie Lindgren without a rebound.
1:02 of 3rd period - Peter Cehlarik wins face-off versus Rhett Gardner in Sound Tigers zone.
2:30 of 3rd period - Penalty to Rasmus Andersson is over, Rasmus Andersson is back on ice.
2:44 of 3rd period - Rasmus Andersson is hit by Alexander Yelesin and loses puck.
3:02 of 3rd period - Snap shot by Vitali Kravtsov.
3:02 of 3rd period - Stopped by Charlie Lindgren with a rebound.
3:42 of 3rd period - Austin Watson is hit by Jesper Bratt.
4:16 of 3rd period - Minor Penalty to Erik Brannstrom for Holding Stick.
4:17 of 3rd period - Peter Cehlarik wins face-off versus Pavel Kraskovsky in Heat zone.
6:01 of 3rd period - Nico Sturm is hit by Austin Watson and loses puck.
6:16 of 3rd period - Penalty to Erik Brannstrom is over, Erik Brannstrom is back on ice.
6:28 of 3rd period - Slapshot by Rasmus Andersson.
6:28 of 3rd period - Shot Misses the Net.
6:30 of 3rd period - Snap shot by Tage Thompson.
6:30 of 3rd period - Stopped by Charlie Lindgren without a rebound.
6:31 of 3rd period - Ryan Donato wins face-off versus Ross Colton in Sound Tigers zone.
6:41 of 3rd period - Minor Penalty to Frank Corrado for Hooking.
6:42 of 3rd period - Jordan Greenway wins face-off versus Peter Cehlarik in Heat zone.
7:08 of 3rd period - Rhett Gardner is hit by Nico Sturm and loses puck.
7:49 of 3rd period - Nick Blankenburg is hit by Nico Sturm and loses puck.
8:32 of 3rd period - Rhett Gardner is hit by Christian Jaros and loses puck.
8:41 of 3rd period - Penalty to Frank Corrado is over, Frank Corrado is back on ice.
9:13 of 3rd period - Jakub Galvas is hit by Erik Brannstrom and loses puck.
9:26 of 3rd period - Nico Sturm is hit by Brett Connolly and loses puck.
9:43 of 3rd period - Pavel Kraskovsky is hit by Ryan Spooner and loses puck.
10:27 of 3rd period - Peter Cehlarik is hit by Alexander Yelesin and loses puck.
10:55 of 3rd period - Oliver Kylington is hit by Tage Thompson and loses puck.
11:18 of 3rd period - Garret Pilon is hit by Christian Jaros and loses puck.
11:44 of 3rd period - Filip Zadina is hit by Ryan Spooner.
11:48 of 3rd period - Jesper Bratt is hit by Connor Dewar and loses puck.
11:59 of 3rd period - Nick Blankenburg is hit by Petteri Lindbohm.
12:05 of 3rd period - Barclay Goodrow is hit by Ross Colton and loses puck.
12:14 of 3rd period - Snap shot by Ross Colton.
12:14 of 3rd period - Shot Misses the Net.
12:16 of 3rd period - Slapshot by Connor Dewar.
12:16 of 3rd period - Goal by Connor Dewar - Heat : 1 - Sound Tigers : 2.
12:17 of 3rd period - Nico Sturm wins face-off versus Pavel Kraskovsky in neutral zone.
12:32 of 3rd period - Snap shot by Rasmus Andersson.
12:32 of 3rd period - Stopped by Charlie Lindgren with a rebound.
12:34 of 3rd period - Wrist shot by Evgeny Svechnikov.
12:34 of 3rd period - Shot Misses the Net.
12:44 of 3rd period - Eric Karlsson is hit by Alex Belzile and loses puck.
12:52 of 3rd period - Wrist shot by Alex Belzile.
12:52 of 3rd period - Stopped by Vitek Vanecek with a rebound.
12:54 of 3rd period - Slapshot by Rhett Gardner.
12:54 of 3rd period - Stopped by Vitek Vanecek with a rebound.
13:06 of 3rd period - Snap shot by Jesper Bratt.
13:06 of 3rd period - Shot Blocked by Nick Blankenburg.
13:08 of 3rd period - Slapshot by Petteri Lindbohm.
13:08 of 3rd period - Shot Misses the Net.
13:10 of 3rd period - Slapshot by Rasmus Andersson.
13:10 of 3rd period - Deflect By Jesper Bratt.
13:10 of 3rd period - Stopped by Charlie Lindgren without a rebound.
13:11 of 3rd period - Pavel Kraskovsky wins face-off versus Ryan Spooner in Sound Tigers zone.
13:20 of 3rd period - Wrist shot by Ryan Spooner.
13:20 of 3rd period - Stopped by Charlie Lindgren with a rebound.
13:24 of 3rd period - Wrist shot by Jesper Bratt.
13:24 of 3rd period - Stopped by Charlie Lindgren with a rebound.
13:26 of 3rd period - Slapshot by Barclay Goodrow.
13:26 of 3rd period - Deflect By Jordan Greenway.
13:26 of 3rd period - Shot Misses the Net.
13:26 of 3rd period - Puck is out of play.
13:27 of 3rd period - Rhett Gardner wins face-off versus Nico Sturm in Sound Tigers zone.
13:54 of 3rd period - Pavel Kraskovsky is hit by Eric Karlsson and loses puck.
14:01 of 3rd period - Snap shot by Rasmus Andersson.
14:01 of 3rd period - Stopped by Charlie Lindgren with a rebound.
14:03 of 3rd period - Snap shot by Eric Karlsson.
14:03 of 3rd period - Stopped by Charlie Lindgren without a rebound.
14:04 of 3rd period - Rhett Gardner wins face-off versus Nico Sturm in Sound Tigers zone.
14:37 of 3rd period - Slapshot by Jordan Greenway.
14:37 of 3rd period - Shot Blocked by Petteri Lindbohm.
14:39 of 3rd period - Slapshot by Simon Benoit.
14:39 of 3rd period - Stopped by Vitek Vanecek without a rebound.
14:40 of 3rd period - Nico Sturm wins face-off versus Rhett Gardner in Heat zone.
14:40 of 3rd period - Nico Sturm is hit by Ben Thomson.
14:46 of 3rd period - Oliver Kylington is hit by Erik Brannstrom and loses puck.
15:05 of 3rd period - Evgeny Svechnikov is hit by Oliver Kylington and loses puck.
15:10 of 3rd period - Snap shot by Jordan Greenway.
15:10 of 3rd period - Stopped by Vitek Vanecek without a rebound.
15:11 of 3rd period - Ryan Donato wins face-off versus Pavel Kraskovsky in Heat zone.
15:22 of 3rd period - Slapshot by Taylor Raddysh.
15:22 of 3rd period - Shot Misses the Net.
15:40 of 3rd period - Snap shot by Austin Watson.
15:40 of 3rd period - Shot Misses the Net.
15:42 of 3rd period - Snap shot by Austin Watson.
15:42 of 3rd period - Deflect By Jordan Greenway.
15:42 of 3rd period - Shot Misses the Net.
15:42 of 3rd period - Puck is out of play.
15:43 of 3rd period - Peter Cehlarik wins face-off versus Rhett Gardner in Heat zone.
15:43 of 3rd period - Peter Cehlarik is hit by Rhett Gardner.
15:59 of 3rd period - Wrist shot by Peter Cehlarik.
15:59 of 3rd period - Shot Misses the Net.
16:14 of 3rd period - Slapshot by Rasmus Andersson.
16:14 of 3rd period - Stopped by Charlie Lindgren without a rebound.
16:15 of 3rd period - Ryan Donato wins face-off versus Garret Pilon in Sound Tigers zone.
16:24 of 3rd period - Snap shot by Eric Karlsson.
16:24 of 3rd period - Shot Blocked by Brett Connolly.
16:31 of 3rd period - Icing by Brett Connolly.
16:32 of 3rd period - Nico Sturm wins face-off versus Brett Connolly in Sound Tigers zone.
16:37 of 3rd period - Wrist shot by Peter Cehlarik.
16:37 of 3rd period - Stopped by Charlie Lindgren without a rebound.
16:38 of 3rd period - Nico Sturm wins face-off versus Pavel Kraskovsky in Sound Tigers zone.
16:53 of 3rd period - Nico Sturm is hit by Pavel Kraskovsky and loses puck.
17:15 of 3rd period - Wrist shot by Tyrell Goulbourne.
17:15 of 3rd period - Stopped by Vitek Vanecek with a rebound.
17:17 of 3rd period - Slapshot by Nick Blankenburg.
17:17 of 3rd period - Deflect By Peter Cehlarik.
17:17 of 3rd period - Stopped by Vitek Vanecek with a rebound.
17:27 of 3rd period - Snap shot by Rasmus Andersson.
17:27 of 3rd period - Shot Blocked by Nick Blankenburg.
17:29 of 3rd period - Wrist shot by Eric Karlsson.
17:29 of 3rd period - Goal by Eric Karlsson - Heat : 2 - Sound Tigers : 2.
17:30 of 3rd period - Pavel Kraskovsky wins face-off versus Ryan Donato in neutral zone.
17:32 of 3rd period - Off-side.
17:33 of 3rd period - Ryan Donato wins face-off versus Pavel Kraskovsky in neutral zone.
17:35 of 3rd period - Minor Penalty to Erik Brannstrom for Hooking.
17:36 of 3rd period - Peter Cehlarik wins face-off versus Pavel Kraskovsky in Heat zone.
18:08 of 3rd period - Jesper Bratt is hit by Alex Belzile and loses puck.
19:35 of 3rd period - Penalty to Erik Brannstrom is over, Erik Brannstrom is back on ice.
19:43 of 3rd period - Ross Colton is hit by Evgeny Svechnikov and loses puck.
Goals for this period are 2 for Heat vs 1 for Sound Tigers.
Shots for this period are 13 for Heat vs 8 for Sound Tigers.
Overtime #1
0:01 of 1st overtime period - Peter Cehlarik wins face-off versus Ben Thomson in neutral zone.
0:33 of 1st overtime period - Snap shot by Evgeny Svechnikov.
0:33 of 1st overtime period - Goal by Evgeny Svechnikov - Heat : 3 - Sound Tigers : 2.
Goals for this period are 1 for Heat vs 0 for Sound Tigers.
Shots for this period are 1 for Heat vs 0 for Sound Tigers.